 Dungeon Crawl Stone Soup version 0.28-a0-1555-g9ae15a6949 (webtiles) character file.

Game seed: 6286531696071642586

8720 HallandMoats the Cruncher (level 11, -3/92 HPs)
             Began as a Ghoul Monk on Jan 19, 2022.
             Was a Plaything of Xom.
             Slain by a shadow (9 damage)
             ... on level 10 of the Dungeon.
             The game lasted 00:19:47 (11092 turns).

HallandMoats the Cruncher (Ghoul Monk)             Turns: 11092, Time: 00:19:48

Health: -3/92      AC: 16    Str: 20    XL:     11   Next: 35%
Magic:  10/10      EV: 18    Int:  5    God:    Xom [......]
Gold:   480        SH:  0    Dex: 11    Spells: 10/10 levels left

rFire   + . .      SeeInvis .   m - +3 quarterstaff (chaos)
rCold   + . .      Faith    .   (shield currently unavailable)
rNeg    + + +      Spirit   .   q - +3 leather armour {rF+}
rPois   ∞          Reflect  .   o - +2 helmet
rElec   .          Harm     .   l - +0 cloak
rCorr   .          Rampage  .   k - +0 pair of gloves
Will    .....                   (no boots)
Stlth   ++........              (no amulet)
HPRegen 0.00/turn               f - +4 ring of evasion
MPRegen 0.12/turn               r - +4 ring of protection

@: inhibited regen
A: claws 1, cold resistance 1, negative energy resistance 3, inhibited
regeneration, torment resistance 2
a: Renounce Religion


You were on level 10 of the Dungeon.
You worshipped Xom.
You were a very special plaything of Xom.
You visited 1 branch of the dungeon, and saw 10 of its levels.

You collected 480 gold pieces.

Inventory:

Hand Weapons
 a - a +0 falchion
 d - a +1 hand axe of electrocution
 i - a +0 rapier
 j - a +2 short sword of electrocution
 m - a +3 quarterstaff of chaos (weapon)
 t - a +0 hand axe of venom
Missiles
 G - a throwing net (quivered)
Armour
 k - a +0 pair of gloves (worn)
 l - a +0 cloak (worn)
 o - a +2 helmet (worn)
 q - a +3 leather armour of fire resistance (worn)
Jewellery
 f - a +4 ring of evasion (left hand)
 r - a +4 ring of protection (right hand)
 x - a ring of magical power
 z - a +4 ring of evasion
 F - a ring of flight
 J - a ring of willpower
Wands
 h - a wand of acid (8)
Scrolls
 b - 4 scrolls of amnesia
 c - a scroll of fog
 g - 4 scrolls of magic mapping
 p - a scroll of fear
 s - 2 scrolls of identify
 u - a scroll of blinking
 w - a scroll of silence
 I - a scroll of noise {unknown}
Potions
 e - 2 potions of curing
 n - a potion of ambrosia {unknown}
 A - a potion of mutation {unknown}
 B - 3 potions of brilliance {unknown}
 C - 3 potions of haste
 D - a potion of attraction {unknown}
Miscellaneous
 H - a phantom mirror


   Skills:
 + Level 7.3 Fighting
 - Level 4.0 Long Blades
 + Level 10.8 Staves
 * Level 7.0 Armour
 * Level 7.5 Dodging
 - Level 2.1 Stealth


You had 10 spell levels left.
You didn't know any spells.
Your spell library contained the following spells:

 Spells                   Type           Power      Damage    Failure   Level
 Summon Small Mammal      Summ           0%         N/A       52%         1
 Static Discharge         Conj/Air       0%         N/A       67%         2
 Call Canine Familiar     Summ           0%         N/A       88%         3
 Frozen Ramparts          Ice            0%         1d2       88%         3
 Summon Guardian Golem    Hex/Summ       0%         N/A       88%         3
 Dispel Undead            Necr           0%         3d6       99%         4
 Sticky Flame             Conj/Fire      0%         2d3       99%         4
 Summon Ice Beast         Ice/Summ       0%         N/A       99%         4
 Ice Form                 Ice/Tmut       Unusable   N/A       N/A         4

Dungeon Overview and Level Annotations

Branches:
Dungeon (10/15)            Temple (0/1) D:4             Orc (0/2) D:9
   Lair: D:8-11

Altars:
Cheibriados
Elyvilon
Ru
Trog
Xom
The Shining One

Shops:
D:1 ((*   D:5 !   D:9 =


Innate Abilities, Weirdness & Mutations

You thrive by killing the living.
You are immune to poison.
You have sharp fingernails.
Your flesh is cold resistant. (rC+)
You are immune to negative energy. (rN+++)
You do not regenerate when monsters are visible.
You are immune to unholy pain and torment.


Message History

You thump the troll!
The troll is moderately wounded.
The troll bites you! The troll misses you. The troll completely misses you.
You closely miss the troll.
The troll is moderately wounded.
The troll bites you but does no damage. The troll claws you but does no damage.
The troll closely misses you.
The shadow slips into darkness.
The shadow flickers and vanishes!
Deactivating autopickup; reactivate with Ctrl-A.
You barely miss the troll.
The troll is heavily wounded.
You sock the troll! You burn the troll.
The troll is almost dead.
The troll bites you! The troll misses you. The troll closely misses you.
You barely miss the troll.
The troll is almost dead.
The troll barely misses you. The troll claws you!
The troll claws you but does no damage.
You sock the troll! You freeze the troll.
You kill the troll!
The troll leather armour is intact enough to wear.
Your Armour skill increases to level 7!
You hit something but do no damage.
The shadow strikes at you from the darkness!
Reactivating autopickup.
You hit the shadow.
The shadow seems to speed up.
The shadow is lightly damaged.
The shadow slips into darkness.
The shadow flickers and vanishes!
Deactivating autopickup; reactivate with Ctrl-A.
You barely miss something.
The shadow strikes at you from the darkness!
* * * LOW HITPOINT WARNING * * *
Reactivating autopickup.
You closely miss the shadow.
The shadow is lightly damaged.
The shadow hits you!
You die...
Xom is highly amused!

###########
#.....W@..#
..#######.#
#.# #.#
#########.#
..(.......##
#..........#
#.######...#
#...# ####


You could see a shadow (fast).

Vanquished Creatures
  Gastronok (D:9)
  Maggie (D:8)
  2 trolls
  6 yaks (D:8)
  2 steam dragons
  Grum (D:9)
  The ghost of Maimakterion the Ruffian, an amateur DrTm of Sif Muna (D:6)
  Menkaure (D:4)
  3 water moccasins (D:7)
  Duvessa (D:6)
  A floating eye (shapeshifter) (D:7)
  5 orc warriors
  2 sky beasts
  4 ice beasts
  A necrophage (D:7)
  A hornet zombie (D:9)
  2 ogres (D:5)
  4 wolves (D:9)
  3 centaurs
  A tengu (D:9)
  A phantom (D:5)
  3 kobold brigands
  4 lemures (D:7)
  Blork the orc (D:4)
  A scorpion (D:6)
  2 bullfrogs
  A gnoll sergeant (D:6)
  Dowan (D:6)
  11 killer bees
  A howler monkey (D:4)
  A centaur zombie (D:7)
  3 hounds
  A jelly (D:4)
  8 orc priests
  Crazy Yiuf (D:3)
  A gnoll shaman (D:10)
  3 centaur skeletons
  Natasha (D:2)
  15 orc wizards
  A scorpion zombie (D:5)
  2 hound skeletons (D:4)
  A howler monkey zombie (D:8)
  Robin (D:4)
  5 adders
  14 gnolls
  A shadow imp (D:8)
  A white imp (D:6)
  An ufetubus (D:4)
  A worm (D:8)
  3 dart slugs
  32 orcs
  4 bats
  5 endoplasms
  2 giant cockroaches
  22 goblins
  8 hobgoblins
  25 kobolds
  5 quokkas
  4 ball pythons
  3 frilled lizards
  6 rats
250 creatures vanquished.

Vanquished Creatures (collateral kills)
  An ice beast (D:7)
  A hornet zombie (D:9)
  2 bullfrogs (D:7)
4 creatures vanquished.

Vanquished Creatures (others)
  Eustachio (D:4)
  An orc warrior (D:6)
  Terence (D:2)
  An orc wizard (D:10)
  An orc (D:6)
  A plant (D:4)
6 creatures vanquished.

Grand Total: 260 creatures vanquished

Notes
Turn   | Place    | Note
-------+----------+-------------------------------------------
     0 | D:1      | HallandMoats the Ghoul Monk began the quest for the Orb.
     0 | D:1      | Reached XP level 1. HP: 19/19 MP: 0/0
   144 | D:1      | Reached XP level 2. HP: 19/26 MP: 1/1
   234 | D:1      | Found a faded altar of an unknown god.
   243 | D:1      | Prayed at the altar of an unknown god.
   243 | D:1      | Became a worshipper of Xom of Unknown Intention
   253 | D:1      | XOM: silly message
   297 | D:1      | Found Deuddop's Weapon Shoppe.
   300 | D:1      | Found Weoqor's Weapon Shoppe.
   359 | D:1      | XOM: divination: detect creatures
   735 | D:1      | Found Resunweod's Assorted Antiques.
  1078 | D:1      | XOM: silly message
  1161 | D:2      | XOM: scenery: create altars
  1218 | D:2      | Reached XP level 3. HP: 31/31 MP: 2/2
  1284 | D:2      | Found a snail-covered altar of Cheibriados.
  1289 | D:2      | Reached skill level 1 in Armour
  1351 | D:2      | XOM: god gift: rapier {god gift}
  1710 | D:2      | Reached XP level 4. HP: 40/40 MP: 3/3
  1753 | D:2      | Noticed Terence
  1789 | D:2      | XOM: scenery: 1 doors open
  1932 | D:2      | Killed Terence
  1932 | D:2      | XOM: divine lightning
  2332 | D:2      | Noticed Natasha
  2339 | D:2      | XOM: cast spell 'Summon Mana Viper'
  2342 | D:2      | Killed Natasha
  2704 | D:3      | Found a runed translucent door.
  2750 | D:3      | Reached XP level 5. HP: 46/46 MP: 4/4
  2767 | D:3      | XOM: silly message
  3069 | D:3      | Noticed Crazy Yiuf
  3090 | D:3      | Killed Crazy Yiuf
  3128 | D:3      | XOM: noise
  3257 | D:3      | XOM: cloud trail
  3347 | D:4      | Noticed Robin
  3360 | D:4      | Killed Robin
  3422 | D:4      | Reached skill level 1 in Staves
  3422 | D:4      | Reached XP level 6. HP: 51/52 MP: 5/5
  3459 | D:4      | Noticed Blork the orc
  3460 | D:4      | XOM: enchant monster (good)
  3460 | D:4      | Noticed Eustachio
  3463 | D:4      | XOM: cast spell 'Death Channel'
  3471 | D:4      | XOM: summons friendly shadow imp
  3476 | D:4      | Killed Blork the orc
  3485 | D:4      | Killed Eustachio
  3485 | D:4      | XOM: divine lightning
  3486 | D:4      | Reached skill level 2 in Staves
  3733 | D:4      | Reached XP level 7. HP: 58/60 MP: 6/6
  3878 | D:4      | XOM: scenery: 1 doors close
  3940 | D:4      | Found a staircase to the Ecumenical Temple.
  4139 | D:4      | Noticed Menkaure
  4141 | D:4      | XOM: fake destruction
  4144 | D:4      | Killed Menkaure
  4145 | D:4      | Reached skill level 5 in Fighting
  4145 | D:4      | Reached skill level 3 in Staves
  4357 | D:5      | Entered Level 5 of the Dungeon
  4383 | D:5      | Reached skill level 4 in Staves
  4405 | D:5      | Found Mookk's Distillery.
  4409 | D:5      | XOM: stat loss: -1 Dex (10/11)
  4531 | D:5      | Reached XP level 8. HP: 62/68 MP: 7/7
  4596 | D:5      | XOM: 1-stop teleportation journey
  4613 | D:5      | Reached skill level 5 in Staves
  4886 | D:5      | XOM: summons 4 hostile shadow creatures
  4887 | D:5      | Noticed a two-headed ogre
  4999 | D:5      | Reached skill level 6 in Staves
  5007 | D:5      | XOM: god gift: scroll labelled ZUDOEKL KIXTAXTA {god gift}
  5083 | D:6      | XOM: divine lightning
  5210 | D:6      | Noticed Maimakterion's ghost (amateur DrTm)
  5214 | D:6      | XOM: potion effect (haste)
  5221 | D:6      | XOM: cleaving
  5231 | D:6      | Found a runed translucent door.
  5492 | D:6      | Noticed a troll
  5499 | D:6      | XOM: cleaving
  5506 | D:6      | XOM: god gift: book of Touch
  5508 | D:6      | XOM: enchant monster (good)
  5514 | D:6      | XOM: divination: detect items
  5522 | D:6      | XOM: potion effect (heal wounds)
  5717 | D:6      | Killed a troll
  5718 | D:6      | Reached skill level 7 in Staves
  6016 | D:6      | Reached XP level 9. HP: 61/74 MP: 8/8
  6034 | D:6      | XOM: scenery: 1 fountains blood, 1 doors close
  6046 | D:6      | Killed Maimakterion's ghost
  6047 | D:6      | Reached skill level 8 in Staves
  6293 | D:6      | Noticed Duvessa
  6295 | D:6      | Noticed Dowan
  6313 | D:6      | Killed Duvessa
  6324 | D:6      | Killed Dowan
  6569 | D:7      | Reached skill level 9 in Staves
  6620 | D:7      | Found a sacrificial altar of Ru.
  6791 | D:7      | Noticed Pikel
  6798 | D:7      | Noticed Pikel
  6798 | D:7      | Pikel changed into Pikel the glowing shapeshifter
  6798 | D:7      | XOM: polymorph Pikel -> Pikel the glowing shapeshifter
  6798 | D:7      | Pikel the glowing shapeshifter changed into Pikel the
                  | floating eye
  6806 | D:7      | XOM: confuse monster(s)
  6816 | D:7      | XOM: enchant monster (bad)
  6830 | D:7      | XOM: 3-stop teleportation journey
  6996 | D:7      | XOM: noise
  6999 | D:7      | XOM: summons 4 friendly demons
  7002 | D:7      | Reached skill level 10 in Staves
  7018 | D:7      | Reached XP level 10. HP: 57/81 MP: 9/9
  7033 | D:7      | Reached skill level 5 in Dodging
  7496 | D:7      | Found a bloodstained altar of Trog.
  7609 | D:7      | Identified the +1 ring mail "Debirilu" {SInv}
  7797 | D:8      | Noticed Maggie
  7807 | D:8      | Killed Maggie
  7845 | D:8      | XOM: cloud trail
  8065 | D:8      | XOM: polymorph killer bee -> worm
  8166 | D:8      | XOM: summons 2 hostile shadow creatures
  8255 | D:9      | Noticed Gastronok
  8255 | D:9      | XOM: 2-stop teleportation journey
  8257 | D:9      | Found Xisigryt's Jewellery Shoppe.
  8265 | D:9      | XOM: cleaving
  8274 | D:9      | Killed Gastronok
  8275 | D:9      | Reached skill level 5 in Armour
  8287 | D:9      | XOM: 3-stop teleportation journey
  8337 | D:9      | XOM: cast spell 'Summon Dragon'
  8418 | D:9      | XOM: god gift: 48 gold pieces
  8476 | D:8      | XOM: confuse monster(s)
  8513 | D:8      | Reached XP level 11. HP: 82/91 MP: 10/10
  9132 | D:9      | XOM: enchant monster (bad)
  9153 | D:9      | XOM: noise
  9154 | D:9      | XOM: confusion
  9341 | D:9      | XOM: cloud trail
  9456 | D:9      | XOM: summons 4 hostile demons
  9465 | D:9      | XOM: polymorph ice devil -> hellwing
  9851 | D:9      | XOM: smoke on damage
 10047 | D:9      | Noticed Grum
 10062 | D:9      | XOM: swap monsters
 10085 | D:9      | Killed Grum
 10748 | D:9      | Found a staircase to the Orcish Mines.
 10778 | D:9      | XOM: god gift: 26 gold pieces
 10886 | D:10     | Entered Level 10 of the Dungeon
 10909 | D:10     | XOM: divination: detect items
 10927 | D:10     | XOM: 6-stop teleportation journey
 10963 | D:10     | XOM: noise
 11092 | D:10     | Slain by a shadow

Illustrated notes

Levels and vault maps discovered:
D:1:      dpeg_arrival_water_temple_mockup, layout_basic, serial_shops, shop,
          nicolae_shop_hallway_stairs, shop,
          hellmonk_ecumenical_altar_pennies_from_heaven
D:2:      layout_loops_corners, basic_altar, uniq_natasha, uniq_terence
D:3:      layout_rooms, uniq_crazy_yiuf_cottage
D:4:      layout_gridville, minmay_temple_entry_gardened_gates,
          uniq_blork_the_orc, uniq_robin, uniq_menkaure, uniq_eustachio
D:5:      minmay_general_purpose_star, layout_loops_cross, serial_shops, shop,
          minivault_14
D:6:      layout_basic, lemuel_coloured_pillars_altar,
          hellmonk_ghost_happy_afterlife, minmay_misc_feat_plants,
          minmay_misc_feat_x, uniq_duvessa
D:7:      layout_loops_ring, trog_hazing_becter,
          mainiacjoe_overflow_divided_tiny, minmay_misc_feat_columns,
          eino_tiny_chamber, minmay_fractal_squares_diagonal_5, uniq_pikel
D:8:      layout_basic, uniq_maggie
D:9:      layout_long_grid, david_orc_4, serial_shops, nicolae_diamond_shop,
          uniq_grum, uniq_gastronok
D:10:     layout_loops_ring

Skill      XL: |  1  2  3  4  5  6  7  8  9 10 11 |
---------------+----------------------------------+-----
Long Blades    | 3 4 |  4.0
Armour         | 1 2 3 4 6 7 |  7.0
Dodging        | 3 4 6 7 |  7.5
Fighting       | 4 5 6 7 |  7.3
Staves         | 1 2 4 7 10 | 10.8
Stealth        | |  2.1

Action                   |  1- 3 |  4- 6 |  7- 9 | 10-12 || total
-------------------------+-------+-------+-------+-------++-------
Melee: Falchion          |    74 |       |       |       ||    74
       Short sword       |    22 |    69 |       |       ||    91
       Rapier            |     9 |       |       |       ||     9
       Punch             |     1 |     1 |       |       ||     2
       Quarterstaff      |       |    72 |   328 |   417 ||   817
Throw: Javelin           |       |     5 |     2 |       ||     7
  Use: Scroll            |       |     7 |     6 |     3 ||    16
       Potion            |       |     1 |     1 |     1 ||     3
 Stab: Sleeping          |     2 |       |       |       ||     2
       Paralysed         |       |     2 |       |       ||     2
       Confused          |       |       |     1 |     1 ||     2
       Petrified         |       |       |       |    12 ||    12
       Petrifying        |       |       |       |     2 ||     2
Armor: Robe              |     8 |       |       |       ||     8
       Ring mail         |    32 |    46 |       |       ||    78
       Leather armour    |       |    13 |   146 |   153 ||   312
Dodge: Dodged            |    60 |   121 |   236 |   348 ||   765

Table legend: (Time is in decaauts)
 A = Elapsed time spent in this place.
 B = Non-inter-level travel time spent in this place.
 C = Inter-level travel time spent in this place.
 D = Time resting spent in this place.
 E = Time spent auto-exploring this place.
 F = Levels seen in this place.
 G = Mean time per level.
                   A        B        C        D        E       F      G
               +--------+--------+--------+--------+--------+-----+--------+
         Total |  10972 |  10656 |    316 |    869 |   7407 |  10 | 1097.2 |
       Dungeon |  10972 |  10656 |    316 |    869 |   7407 |  10 | 1097.2 |
               +--------+--------+--------+--------+--------+-----+--------+

Top non-repeatable levels by time:
     D:9: 2122 daAuts
     D:2: 1408 daAuts
     D:6: 1227 daAuts
     D:1: 1158 daAuts
     D:7: 1119 daAuts
     D:8: 1049 daAuts
     D:4: 1037 daAuts
     D:5: 879 daAuts
     D:3: 777 daAuts
    D:10: 191 daAuts
